 Dungeon Crawl Stone Soup version 0.23.0 (webtiles) character file.

Game seed: 12974597174445784957

116180 LostNumber the Black Belt (level 16, -5/151 HPs)
             Began as a Green Draconian Transmuter on Feb 11, 2019.
             Was the Champion of Wu Jian.
             Slain by a salamander
             ... wielding a +0 trident
              (12 damage)
             ... on level 3 of the Snake Pit.
             The game lasted 01:11:52 (28709 turns).

LostNumber the Black Belt (DrTm)                   Turns: 28709, Time: 01:11:53

Health: -5/151     AC: 12    Str: 13    XL:     16   Next: 20%
Magic:  26/28      EV: 21    Int: 19    God:    Wu Jian [******]
Gold:   392        SH:  0    Dex: 13    Spells: 14/31 levels left

rFire    + . .     SeeInvis .     - Unarmed
rCold    + . .     Gourm    .   (shield currently unavailable)
rNeg     . . .     Faith    .   (armour unavailable)
rPois    +         Spirit   .   (helmet restricted)
rElec    .         Reflect  .   W - scarf {rC+ rF+}
rCorr    .         Harm     .   (gloves currently unavailable)
MR       ++...                  o - +2 pair of boots
Stlth    +.........             p - amulet of regeneration
HPRegen  0.75/turn              l - ring of protection from magic
MPRegen  0.21/turn              I - +3 ring of evasion

@: lethally poisoned (-5 -> -5), blade hands, very slightly contaminated,
glowing, lightly drained, heavenly storm
A: breathe noxious fumes, unfitting armour, stinger 1, poison resistance,
cold-blooded, AC +9
a: Breathe Noxious Fumes, End Transformation, Wall Jump, Serpent's Lash,
Heavenly Storm, Renounce Religion


You were on level 3 of the Snake Pit.
You worshipped Wu Jian.
Wu Jian was exalted by your worship.
You were near starving.
You had blades for hands.
You visited 5 branches of the dungeon, and saw 26 of its levels.
You also visited: Ice Cave.

You collected 2927 gold pieces.
You spent 2535 gold pieces at shops.

Inventory:

Hand Weapons
 t - the cursed +1 morningstar "Esept" {drain, rF+}
   (You took it off a naga on level 1 of the Snake Pit)

   A truly terrible weapon, it drains the life of those it strikes.
   It protects you from fire.
   It has a curse placed upon it.
 y - the cursed +0 dagger of Xohycw Ucwi {pierce, rElec rC+++ rN+ Int-3, unknown}
   (You found it on level 7 of the Dungeon)

   It inflicts extra damage upon your enemies.
   It affects your intelligence (-3).
   It renders you almost immune to cold.
   It insulates you from electricity.
   It protects you from negative energy.
   It has a curse placed upon it.
Missiles
 a - 720 arrows
 O - 3 throwing nets (quivered) {!f}
Armour
 m - a +1 pair of gloves (melded)
   (You found it on level 4 of the Dungeon)
 o - a +2 pair of boots (worn)
   (You found it on level 3 of the Lair of Beasts)
 q - a +0 buckler (melded)
   (You found it on level 6 of the Dungeon)
 s - a +0 shield
   (You took it off a gnoll sergeant on level 7 of the Dungeon)
 W - a scarf of resistance (worn)
   (You found it on level 14 of the Dungeon)
Jewellery
 l - a ring of protection from magic (left scythe-like blade)
   (You found it on level 3 of the Lair of Beasts)
 p - an amulet of regeneration (around neck)
   (You found it on level 7 of the Dungeon)
 I - a +3 ring of evasion (right scythe-like blade)
   (You found it on level 2 of the Snake Pit)
Wands
 c - a wand of disintegration (11)
   (You found it on level 5 of the Lair of Beasts)
 d - a wand of iceblast (10)
   (You found it on level 1 of the Lair of Beasts)
 k - a wand of enslavement (9)
   (You found it on level 4 of the Dungeon)
 v - a wand of digging (8)
   (You found it on level 5 of the Lair of Beasts)
 x - a wand of acid (19)
   (You found it on level 1 of the Lair of Beasts)
 C - a wand of polymorph (9)
   (You found it on level 9 of the Dungeon)
Scrolls
 b - 22 scrolls of teleportation {@r4}
 g - a scroll of enchant armour
 i - 4 scrolls of immolation {!r}
 w - 3 scrolls of fog
 A - 5 scrolls of amnesia
 B - 5 scrolls of enchant weapon
 D - 8 scrolls of remove curse {@r2}
 G - 2 scrolls of blinking
 J - a scroll of fear
 P - a scroll of silence
 S - a scroll of vulnerability {!r}
 X - a scroll of magic mapping
Potions
 f - 7 potions of heal wounds {@q2}
 h - 3 potions of invisibility
 n - 3 potions of might
 r - 4 potions of flight
 u - 6 potions of curing {@q1}
 z - 2 potions of brilliance
 E - 4 potions of agility
 H - 2 potions of magic
 L - a potion of ambrosia
 M - 3 potions of cancellation
 N - 5 potions of mutation {!q}
 Q - 2 potions of lignification {!q}
 T - 3 potions of haste {@q3}
 V - a potion of berserk rage
 Y - 2 potions of resistance
Miscellaneous
 j - a phial of floods
   (You found it on level 3 of the Lair of Beasts)
 F - a phantom mirror
Comestibles
 e - 48 rations {!d}


   Skills:
 + Level 16.2(16.0) Fighting
 + Level 10.7(10.5) Dodging
 + Level 2.7(2.5) Stealth
 - Level 4.0(3.8) Shields
 * Level 17.7(17.5) Unarmed Combat
 + Level 8.2(8.1) Spellcasting
 - Level 11.0(10.8) Transmutations
 - Level 2.0(1.9) Ice Magic
 - Level 5.0(4.8) Evocations


You had 14 spell levels left.
You knew the following spells:

 Your Spells              Type           Power        Failure   Level  Hunger
a - Beastly Appendage     Tmut           #####.       7%          1    None
b - Blade Hands           Tmut           #####.....   26%         5    #####..
c - Ice Form              Ice/Tmut       ####....     38%         4    ###....
d - Blink                 Tloc           N/A          54%         2    None
s - Sticks to Snakes      Tmut           #####...     8%          2    None
x - Spider Form           Tmut/Pois      ####......   26%         3    None

Your spell library contained the following spells:

 Spells                   Type           Power        Failure   Level  Hunger
 Passwall                 Tmut/Erth      ####....     19%         2    None
 Ignite Poison            Fire/Tmut/Pois ###.....     36%         3    None
 Corona                   Hex            #......      43%         1    None
 Flame Tongue             Conj/Fire      #....        43%         1    None
 Magic Dart               Conj           #...         43%         1    None
 Sandblast                Erth           #.....       43%         1    None
 Ensorcelled Hibernation  Hex/Ice        ##....       43%         2    None
 Petrify                  Tmut/Erth      ####....     45%         4    ###....
 Call Imp                 Summ           #.......     54%         2    None
 Slow                     Hex            #.......     54%         2    None
 Sublimation of Blood     Necr           #.........   54%         2    None
 Throw Flame              Conj/Fire      #.....       54%         2    None
 Confuse                  Hex            #.......     69%         3    None
 Conjure Flame            Conj/Fire      #.......     69%         3    None
 Inner Flame              Hex/Fire       #.......     69%         3    None
 Mephitic Cloud           Conj/Pois/Air  #.......     69%         3    None
 Stone Arrow              Conj/Erth      #.....       69%         3    None
 Alistair's Intoxication  Tmut/Pois      ####....     69%         5    #####..
 Irradiate                Conj/Tmut      ####......   69%         5    #####..
 Sticky Flame             Conj/Fire      #.......     94%         4    ###....
 Fireball                 Conj/Fire      #.........   99%         5    #####..
 Lee's Rapid Deconstruct  Erth           #.........   99%         5    #####..
 Metabolic Englaciation   Hex/Ice        ##........   99%         5    #####..
 Bolt of Cold             Conj/Ice       ##........   100%        6    ######.
 Freezing Cloud           Conj/Ice/Air   ##........   100%        6    ######.
 Ozocubu's Refrigeration  Ice            ###.......   100%        6    ######.
 Simulacrum               Ice/Necr       ##........   100%        6    ######.
 Discord                  Hex            #.........   100%        8    #######


Dungeon Overview and Level Annotations

Branches:
Dungeon (14/15)            Temple (1/1) D:5            Lair (6/6) D:9
 Shoals (0/4) Lair:2        Snake (3/4) Lair:2        Slime (0/5) Lair:6
    Orc (2/2) D:9             Elf (0/3) Orc:2
 Vaults: D:13-14

Altars:
Ashenzari
Cheibriados
Dithmenos
Elyvilon
Fedhas
Gozag
Hepliaklqana
Kikubaaqudgha
Makhleb
Nemelex Xobeh
Okawaru
Qazlal
Ru
Sif Muna
Trog
Uskayaw
Vehumet
Wu Jian
Xom
Yredelemnul
Zin
The Shining One

Shops:
D:9 *   D:11 [   D:14 ?   Orc:1 :   Orc:2 [!(!(?   Snake:2 (?

Annotations:
D:11 2 transporters, mora's ghost, journeyman GrBe
D:14 exclusion: 3 doors
Lair:1 exclusion: 2 oklob plants
Lair:3 1 runed translucent door, crossborder's ghost, adept GrFi


Innate Abilities, Weirdness & Mutations

You can breathe blasts of noxious fumes.
Your lurid green scales are hard. (AC +9)
You cannot fit into any form of body armour.
Your tail ends in a poisonous barb.
Your system is resistant to poisons. (rPois)
You are cold-blooded and may be slowed by cold attacks.


Message History

The salamander closely misses you. The naga warrior blocks your attack.
You feel sick. The salamander completely misses you.
The salamander closely misses you.
The naga hits you with a +0 short sword.
The air is filled with shimmering golden clouds!
Sifu Jiang Wei says: The storm will not cease as long as you keep fighting, disciple!
You feel sick.
The salamander hits you with a +0 halberd!
You are engulfed in flames!
You resist.
The salamander hits you with a +0 trident!
* * * LOW HITPOINT WARNING * * *
You are engulfed in flames.
You resist.
* * * LOW HITPOINT WARNING * * *
The naga warrior spits poison at you. The splash of poison hits you.
You resist.
* * * LOW HITPOINT WARNING * * *
* * * LOW HITPOINT WARNING * * *
The naga warrior constricts you.
The salamander hits you with a +0 halberd.
* * * LOW HITPOINT WARNING * * *
You are engulfed in flames.
You resist.
* * * LOW HITPOINT WARNING * * *
The salamander hits you but does no damage.
You hit the salamander. The guardian serpent barely misses you.
The salamander closely misses you.
The salamander hits you with a +0 trident!
* * * LOW HITPOINT WARNING * * *
You are engulfed in flames.
You resist.
* * * LOW HITPOINT WARNING * * *
The naga warrior hits you with a +0 long sword!
* * * LOW HITPOINT WARNING * * *
* * * LOW HITPOINT WARNING * * *
The naga warrior constricts you.
You shred the naga mage!!!
You kill the naga mage!
The Council accepts your kill. The salamander misses you.
The guardian serpent closely misses you.
The salamander hits you with a +0 trident!
* * * LOW HITPOINT WARNING * * *
You are engulfed in flames!
You resist.
* * * LOW HITPOINT WARNING * * *
The salamander barely misses you.
Blink to where?
You escape the naga warrior's grasp.
You are very lightly contaminated with residual magic.
As you read the scroll of blinking, it crumbles to dust.
You feel sick.
The salamander hits you from afar with a +0 trident!
You die...

# ..# ....## #####
.....§### ###....
.....§§N### #......
#...☼NSN☼### #......
####☼NNN§§§########......
###§§@§§).............
###§§§..............
###§..............
################


You could see a naga warrior, 2 salamanders and a guardian serpent.

Vanquished Creatures
  A nagaraja (Snake:2)
  A frost giant (IceCv)
  8 naga warriors
  3 hydras
  2 anacondas
  8 two-headed ogres
  A catoblepas (Lair:2)
  14 death yaks
  2 ogre magi
  3 centaur warriors
  Urug (D:10)
  6 naga sharpshooters (Snake:2)
  5 shock serpents
  Sonja (Orc:2)
  Nergalle (Lair:2)
  A salamander mystic (Snake:3)
  2 deep trolls
  A naga ritualist (Snake:1)
  9 sea snakes
  5 mana vipers
  A deep elf mage (D:13)
  4 salamanders
  5 cyclopes
  4 ugly things (D:14)
  6 elephants
  11 naga magi
  A guardian serpent (Snake:3)
  17 black mambas
  An ice statue (IceCv)
  4 molten gargoyles (D:12)
  11 spiny frogs
  2 gargoyles
  3 komodo dragons
  2 ice devils (Orc:1)
  3 rime drakes
  11 trolls
  A meliai (shapeshifter) (D:13)
  22 polar bears
  10 slime creatures
  5 hornets (Lair:6)
  6 dream sheep
  9 hippogriffs
  A shadow (D:13)
  A vampire (D:14)
  14 spriggans (Lair:6)
  3 wraiths
  4 humans (D:14)
  A wyvern (D:11)
  2 basilisks
  43 yaks
  A hungry ghost (D:7)
  A warg (Orc:1)
  2 soldier ants (D:12)
  31 nagas
  An acid dragon (D:13)
  3 water moccasins
  10 porcupines
  A hornet zombie (D:14)
  18 orc warriors
  4 ice beasts
  3 sky beasts
  2 necrophages
  2 phantoms (D:4)
  7 black bears
  28 ogres
  3 boggarts (Lair:6)
  59 wolves
  15 centaurs
  10 crocodiles
  5 big kobolds (D:9)
  3 gnoll sergeants
  13 bullfrogs
  A water moccasin zombie (D:6)
  5 scorpions
  6 electric eels (Snake:1)
  5 howler monkeys
  A centaur zombie (D:11)
  A crimson imp (D:5)
  3 bullfrog zombies
  7 hounds
  15 jellies
  A quasit (D:9)
  A centaur skeleton (D:6)
  9 orc priests
  3 bullfrog skeletons
  22 orc wizards
  3 gnoll shamans (D:7)
  6 iguanas
  6 worker ants
  15 gnolls
  A howler monkey zombie (D:9)
  3 adders
  3 shadow imps
  An ooze (Lair:6)
  2 adder skeletons
  5 worms
  2 dart slugs (D:1)
  5 leopard geckos
  73 orcs
  7 bats
  6 giant cockroaches
  9 hobgoblins
  7 jackals
  6 quokkas
  2 ball pythons
  5 frilled lizards
  11 goblins
  8 kobolds
  A leopard gecko skeleton (D:8)
  A leopard gecko zombie (D:6)
  7 rats
780 creatures vanquished.

Vanquished Creatures (collateral kills)
  A hydra (Lair:6)
  A water moccasin (Lair:2)
  An ice beast (D:5)
  2 jellies (Lair:6)
  An orc wizard (D:4)
  A ball python (D:4)
7 creatures vanquished.

Vanquished Creatures (others)
  A yak (D:14)
  A fungus (Lair:6)
  5 plants
7 creatures vanquished.

Grand Total: 794 creatures vanquished

Notes
Turn   | Place    | Note
-------+----------+-------------------------------------------
     0 | D:1      | LostNumber the Draconian Transmuter began the quest for the
                  | Orb.
     0 | D:1      | Reached XP level 1. HP: 16/16 MP: 3/3
   314 | D:1      | Reached XP level 2. HP: 23/23 MP: 5/5
   372 | D:1      | Learned a level 2 spell: Sticks to Snakes
   926 | D:2      | Reached XP level 3. HP: 28/29 MP: 4/6
   931 | D:2      | Learned a level 3 spell: Spider Form
  2185 | D:3      | Reached XP level 4. HP: 31/36 MP: 5/7
  2536 | D:3      | Reached skill level 4 in Unarmed Combat
  3061 | D:4      | Reached XP level 5. HP: 15/42 MP: 5/9
  3084 | D:4      | HP: 2/42 [poisoned by a worker ant]
  3092 | D:4      | HP: 1/42 [poisoned by a worker ant]
  3485 | D:4      | Noticed an ogre
  3502 | D:4      | Killed an ogre
  3550 | D:4      | Noticed a centaur
  3563 | D:4      | Killed a centaur
  3563 | D:4      | Reached skill level 5 in Unarmed Combat
  3563 | D:4      | Reached XP level 6. HP: 30/51 MP: 2/10
  4144 | D:4      | Your scales start taking on a lurid green colour.
  4144 | D:4      | Reached XP level 7. HP: 52/58 MP: 8/12
  4144 | D:4      | Gained mutation: Your system is resistant to poisons.
                  | (rPois) [Green Draconian growth]
  4481 | D:4      | Reached skill level 6 in Unarmed Combat
  4723 | D:4      | Learned a level 4 spell: Ice Form
  4873 | D:5      | Entered Level 5 of the Dungeon
  4900 | D:5      | Reached skill level 5 in Fighting
  4900 | D:5      | Reached skill level 1 in Ice Magic
  4900 | D:5      | Reached XP level 8. HP: 58/68 MP: 12/14
  4931 | D:5      | Found a staircase to the Ecumenical Temple.
  4940 | Temple   | Entered the Ecumenical Temple
  5043 | Temple   | Became a worshipper of the Wu Jian Council
  5109 | D:5      | Reached skill level 7 in Unarmed Combat
  5124 | D:5      | Found a shimmering altar of Xom.
  5275 | D:5      | Found an ornate altar of the Wu Jian Council.
  5916 | D:6      | Reached skill level 8 in Unarmed Combat
  6253 | D:6      | Found a deep blue altar of Sif Muna.
  6355 | D:6      | Reached * piety under Wu Jian
  6449 | D:6      | Reached XP level 9. HP: 69/79 MP: 13/15
  6454 | D:6      | Reached skill level 5 in Transmutations
  6463 | D:6      | Found an iron altar of Okawaru.
  6715 | D:7      | Reached skill level 9 in Unarmed Combat
  7602 | D:7      | Reached ** piety under Wu Jian
  7654 | D:7      | Got an iridescent dagger
  7963 | D:7      | Found a burning altar of Makhleb.
  8370 | D:8      | Learned a level 5 spell: Blade Hands
  8854 | D:9      | Reached skill level 10 in Unarmed Combat
  8925 | D:9      | Found a radiant altar of Vehumet.
  8956 | D:9      | Reached skill level 1 in Shields
  9041 | D:9      | Found a staircase to the Orcish Mines.
  9041 | D:9      | Noticed a troll
  9139 | D:9      | Reached XP level 10. HP: 71/92 MP: 16/16
  9214 | D:9      | Reached *** piety under Wu Jian
  9423 | D:9      | Found Ollerphex's General Store.
  9433 | D:9      | Reached skill level 10 in Fighting
  9551 | D:9      | Found a staircase to the Lair.
  9684 | D:9      | Found a bloodstained altar of Trog.
  9970 | D:10     | Entered Level 10 of the Dungeon
 10183 | D:10     | Noticed Urug
 10203 | D:10     | Killed Urug
 10676 | Lair:1   | Entered Level 1 of the Lair of Beasts
 10727 | Lair:1   | Reached skill level 11 in Unarmed Combat
 10892 | Lair:1   | Noticed a four-headed hydra
 10901 | Lair:1   | Killed a four-headed hydra
 10971 | Lair:1   | Noticed a spiny frog
 10985 | Lair:1   | Killed a spiny frog
 10985 | Lair:1   | Reached XP level 11. HP: 62/102 MP: 9/17
 11299 | Lair:1   | Noticed an oklob plant
 11727 | Lair:1   | Noticed an oklob plant
 12302 | Lair:2   | Noticed a catoblepas
 12321 | Lair:2   | Killed a catoblepas
 12452 | Lair:2   | Reached skill level 5 in Spellcasting
 12490 | Lair:2   | Noticed Nergalle
 12513 | Lair:2   | Killed Nergalle
 12554 | Lair:2   | Found a staircase to the Shoals.
 12579 | Lair:2   | Noticed a six-headed hydra
 12590 | Lair:2   | Killed a six-headed hydra
 12669 | Lair:2   | Reached skill level 12 in Unarmed Combat
 12713 | Lair:2   | Reached **** piety under Wu Jian
 12985 | Lair:2   | Reached skill level 5 in Dodging
 13136 | Lair:2   | Found a staircase to the Snake Pit.
 13447 | Lair:3   | Found a runed translucent door.
 13449 | Lair:3   | Noticed crossborder's ghost (adept GrFi)
 13685 | Lair:3   | Reached XP level 12. HP: 79/113 MP: 18/20
 14156 | Lair:2   | Reached ***** piety under Wu Jian
 14691 | Lair:4   | Reached skill level 13 in Unarmed Combat
 15669 | Lair:5   | Noticed a five-headed hydra
 15678 | Lair:5   | Killed a five-headed hydra
 16475 | Lair:6   | Entered Level 6 of the Lair of Beasts
 16701 | Lair:6   | Noticed an eight-headed hydra
 16708 | Lair:6   | Killed an eight-headed hydra
 16708 | Lair:6   | Reached XP level 13. HP: 96/123 MP: 19/23
 16735 | Lair:6   | Found a staircase to the Slime Pits.
 17017 | Lair:6   | Reached skill level 14 in Unarmed Combat
 17930 | Lair:6   | Reached ****** piety under Wu Jian
 18033 | Lair:6   | Reached skill level 1 in Evocations
 18523 | Lair:6   | Reached skill level 15 in Unarmed Combat
 19061 | D:11     | Found a transporter.
 19068 | D:11     | Noticed an ettin
 19069 | D:11     | Noticed mora's ghost (journeyman GrBe)
 19070 | D:11     | Found a transporter.
 19090 | D:11     | Found Olonuer's Armour Boutique.
 19200 | D:11     | Bought a scarf of repulsion for 156 gold pieces
 19684 | D:12     | Gained mutation: Your tail ends in a poisonous barb. [Green
                  | Draconian growth]
 19684 | D:12     | Reached XP level 14. HP: 127/133 MP: 22/26
 21712 | D:14     | Found Cimos's Magic Scroll Boutique.
 21720 | D:14     | Bought a scroll of magic mapping for 52 gold pieces
 21720 | D:14     | Bought a scroll of acquirement for 780 gold pieces
 21720 | D:14     | Bought a scroll of teleportation for 45 gold pieces
 21720 | D:14     | Bought a scroll of teleportation for 45 gold pieces
 21736 | D:14     | Identified the Grimoire of Bewitchment (You acquired it on
                  | level 14 of the Dungeon)
 22215 | D:14     | Found a glowing silver altar of Zin.
 22216 | D:14     | Noticed an angel
 22368 | Orc:1    | Entered Level 1 of the Orcish Mines
 22473 | Orc:1    | Found Tuazxon's Book Boutique.
 22836 | Orc:1    | Found a frozen archway.
 22851 | IceCv    | Entered an ice cave
 22985 | IceCv    | Reached skill level 15 in Fighting
 23064 | IceCv    | Reached skill level 5 in Evocations
 23176 | IceCv    | Reached skill level 16 in Unarmed Combat
 23362 | IceCv    | Noticed a frost giant
 23385 | IceCv    | Killed a frost giant
 23614 | Orc:1    | Learned a level 2 spell: Blink
 23642 | Orc:2    | Entered Level 2 of the Orcish Mines
 23652 | Orc:2    | Noticed Sonja
 23663 | Orc:2    | Found Axzus's Distillery.
 23676 | Orc:2    | Killed Sonja
 23737 | Orc:2    | Bought a potion of might for 56 gold pieces
 23744 | Orc:2    | Found Jemulin's Armour Shop.
 23915 | Orc:2    | Found a staircase to the Elven Halls.
 23990 | Orc:2    | Found Tiraoma's Antique Weapon Boutique.
 23999 | Orc:2    | Found Peggequi's Weapon Shop.
 24027 | Orc:2    | Reached XP level 15. HP: 80/141 MP: 27/27
 24262 | Orc:1    | Reached skill level 10 in Transmutations
 24630 | Orc:2    | Found Zafovvi's Magic Scroll Shoppe.
 24635 | Orc:2    | Found Pum Deuny's Distillery.
 24638 | Orc:2    | Bought a scroll of vulnerability for 97 gold pieces
 24643 | Orc:2    | Bought a potion of heal wounds for 70 gold pieces
 24858 | Orc:2    | Bought a potion of curing for 42 gold pieces
 24858 | Orc:2    | Bought a potion of heal wounds for 70 gold pieces
 24858 | Orc:2    | Bought a potion of curing for 42 gold pieces
 24858 | Orc:2    | Bought a potion of mutation for 112 gold pieces
 24858 | Orc:2    | Bought a potion of berserk rage for 70 gold pieces
 24858 | Orc:2    | Bought a potion of heal wounds for 70 gold pieces
 24858 | Orc:2    | Bought a potion of resistance for 140 gold pieces
 24858 | Orc:2    | Bought a potion of resistance for 140 gold pieces
 24927 | Orc:2    | Bought 2 potions of curing for 84 gold pieces
 24927 | Orc:2    | Bought a potion of might for 56 gold pieces
 24927 | Orc:2    | Bought a potion of cancellation for 112 gold pieces
 25230 | Snake:1  | Entered Level 1 of the Snake Pit
 25452 | Snake:1  | Reached skill level 10 in Dodging
 25693 | Snake:1  | Reached skill level 17 in Unarmed Combat
 25883 | Snake:1  | Identified the cursed +1 morningstar "Esept" {drain, rF+}
 26872 | Snake:2  | Noticed a nagaraja
 26885 | Snake:2  | Killed a nagaraja
 27031 | Snake:2  | Reached skill level 1 in Stealth
 27410 | Snake:2  | Reached XP level 16. HP: 61/151 MP: 23/28
 27662 | Snake:2  | Found Pasaofit's Magic Scroll Shop.
 27669 | Snake:2  | Bought a scroll of teleportation for 48 gold pieces
 27669 | Snake:2  | Bought a scroll of blinking for 120 gold pieces
 27669 | Snake:2  | Bought a scroll of teleportation for 48 gold pieces
 27669 | Snake:2  | Bought a scroll of teleportation for 48 gold pieces
 27669 | Snake:2  | Bought a scroll of fog for 32 gold pieces
 27669 | Snake:2  | Found Koobuol's Weapon Boutique.
 28708 | Snake:3  | HP: 7/151 [salamander/+0 trident (7)]
 28709 | Snake:3  | Slain by a salamander

Skill      XL: |  1  2  3  4  5  6  7  8  9 10 11 12 13 14 15 16 |
---------------+-------------------------------------------------+-----
Fighting       | 2 3 5 7 9 11 12 13 14 15 16 | 16.2
Unarmed Combat | 4 5 6 8 10 11 12 13 15 16 17 | 17.7
Transmutations | 3 4 6 7 8 9 11 | 11.0
Spellcasting   | 3 4 5 7 8 |  8.2
Ice Magic      | 1 2 |  2.0
Dodging        | 2 4 5 6 8 9 10 | 10.7
Shields        | 1 3 4 |  4.0
Evocations     | 2 5 |  5.0
Stealth        | 1 2 |  2.7

Action                   |  1- 3 |  4- 6 |  7- 9 | 10-12 | 13-15 | 16-18 || total
-------------------------+-------+-------+-------+-------+-------+-------++-------
Melee: Unarmed           |   113 |   150 |   404 |   629 |  1209 |    92 ||  2597
       Tailslap          |    10 |     7 |    37 |    19 |   132 |     8 ||   213
       Kick              |     9 |     1 |    21 |     3 |       |       ||    34
       Headbutt          |     1 |     4 |    14 |    11 |    18 |       ||    48
       Punch             |     1 |     3 |    11 |     3 |    44 |     2 ||    64
 Cast: Beastly Appendage |    16 |     8 |    27 |    12 |    16 |       ||    79
       Sticks to Snakes  |     3 |    13 |     8 |    17 |     2 |       ||    43
       Spider Form       |     1 |     8 |    21 |    27 |     1 |       ||    58
       Ice Form          |       |       |       |    16 |     4 |       ||    20
       Blade Hands       |       |       |       |     6 |    81 |    11 ||    98
Invok: Lunge             |       |       |    20 |    47 |    80 |    11 ||   158
       Whirlwind         |       |       |     1 |    27 |    28 |     3 ||    59
       Serpent's Lash    |       |       |       |     2 |     2 |       ||     4
       Heavenly Storm    |       |       |       |       |       |     1 ||     1
 Abil: Breathe Noxious F |       |       |     9 |     4 |     3 |       ||    16
       End Transformatio |       |       |       |     2 |     3 |       ||     5
  Use: Scroll            |       |       |     9 |     6 |    14 |     3 ||    32
       Potion            |       |       |       |       |     2 |     1 ||     3
 Stab: Confused          |       |       |     5 |     5 |       |       ||    10
       Distracted        |       |       |       |     3 |       |       ||     3
       Sleeping          |       |       |       |       |     2 |       ||     2
  Eat: Chunk             |     5 |     7 |    22 |    29 |    47 |     1 ||   111
       Ration            |       |       |       |     1 |     3 |     1 ||     5
Armor: Skin              |    33 |    19 |    74 |    70 |   211 |    16 ||   423
Dodge: Dodged            |    62 |    88 |   228 |   398 |   737 |    75 ||  1588
       Deflected         |       |       |       |       |    12 |       ||    12
Block: Buckler           |       |       |       |    18 |    55 |     3 ||    76
